 Dungeon Crawl Stone Soup version 0.31-a0-233-g139696dc86 (webtiles) character file.

Game seed: 5766919370734157551

434 qw the Shooter (level 6, -6/52 HPs)
             Began as a Minotaur Hexslinger on July 8, 2023.
             Killed by divine providence
             ... invoked by an orc priest
              (12 damage)
             ... on level 4 of the Dungeon.
             The game lasted 00:01:09 (2677 turns).

qw the Shooter (Minotaur Hexslinger)                Turns: 2677, Time: 00:01:09

Health: -6/52      AC:  5    Str: 12    XL:     6   Next: 67%
Magic:  6/6        EV: 11    Int: 10    God:
Gold:   157        SH:  0    Dex: 15    Spells: 6/7 levels left

rFire   . . .        Y - +1 shortbow
rCold   . . .        (shield currently unavailable)
rNeg    . . .        f - +0 ring mail
rPois   .            (helmet restricted)
rElec   .            (no cloak)
rCorr   .            (no gloves)
SInv    .            (no boots)
Will    .....        (no amulet)
Stlth   +            (no ring)
HPRegen 0.28/turn    (no ring)
MPRegen 0.10/turn

%: no passive effects
@: no status effects
A: horns 2, retaliatory headbutt
a: no special abilities


You were on level 4 of the Dungeon.
You visited 1 branch of the dungeon, and saw 4 of its levels.

You collected 157 gold pieces.


Innate Abilities, Weirdness & Mutations

You have a pair of horns on your head.
You reflexively headbutt those who attack you in melee.


   Skills:
 - Level 4.3 Fighting
 + Level 6.7 Ranged Weapons
 - Level 1.3 Armour
 - Level 2.1 Dodging
 - Level 1.0 Spellcasting
 - Level 2.0 Hexes


You had 6 spell levels left.
You knew the following spells:

 Your Spells              Type           Power      Damage    Failure   Level
a - Slow                  Hex            16%        N/A       32%         1

Your spell library contained the following spells:

 Spells                   Type           Power      Damage    Failure   Level
 Inner Flame              Hex/Fire       2%         N/A       83%         3
 Portal Projectile        Hex/Tloc       4%         N/A       83%         3
 Cause Fear               Hex            2%         N/A       97%         4

Inventory:

Hand Weapons
 Y - a +1 shortbow (weapon)
Armour
 e - a +0 pair of boots
 f - a +0 ring mail (worn)
Scrolls
 a - 2 scrolls of identify
 c - a scroll of revelation {unknown}
Potions
 b - a potion of haste
 d - a potion of mutation
 g - 2 potions of curing
 h - a potion of enlightenment
 i - a potion of heal wounds {unknown}

Dungeon Overview and Level Annotations

Branches:
Dungeon (4/15)
 Temple: D:4-7

Altars:
Okawaru


Message History

An orc comes into view. It is wielding a +0 dagger.
Something hits you.
You shoot an arrow.
The arrow hits the orc priest but does no damage.
The orc priest is lightly wounded.
The orc priest hits you with a +0 short sword.
Something hits you but does no damage.
You shoot an arrow. The arrow barely misses the orc priest.
The arrow hits the orc.
The orc is lightly wounded.
Something hits you. The orc priest barely misses you. You furiously retaliate!
You headbutt the orc priest. Something hits you but does no damage.
The orc priest invokes the aid of Beogh against you.
Pain shoots through your body!
You shoot an arrow.
The arrow hits the orc priest but does no damage.
The orc priest is lightly wounded.
The orc priest hits you with a +0 short sword.
Something hits you.
You shoot an arrow. The arrow hits the orc priest.
The orc priest is moderately wounded.
The orc barely misses you. You furiously retaliate!
You headbutt the orc.
The orc priest calls upon Beogh to heal the orc.
Something hits you but does no damage.
You shoot an arrow. The arrow hits the orc.
You kill the orc!
Something hits you but does no damage. The orc priest closely misses you.
You furiously retaliate!
You headbutt the orc priest! You shoot an arrow.
The arrow hits the orc priest but does no damage.
The orc priest is severely wounded.
Something hits you but does no damage.
The orc priest hits you with a +0 short sword.
You shoot an arrow.
The arrow hits the orc priest but does no damage.
The orc priest is severely wounded.
Something hits you.
The orc priest invokes the aid of Beogh against you.
Beogh smites you!
You die...

.....#.........###.#.#
....###.........##.#.#
...## ##.......###.#.#
.... #.......####.#.#
..P. #..............<#
..~ ......#.#...##.###
. .......#.....#.#
..}.........).#.#
.......{@..#
#####..o#### ##.## #.
#. #. #. #.


oo You could see an orc priest.

Vanquished Creatures
  Blork the orc (D:4)
  A jelly (D:3)
  An orc priest (D:3)
  Jessica (D:3)
  Ijyb (D:2)
  Natasha (thrice) (D:3)
  An iguana (D:4)
  2 orc wizards
  4 adders
  A worm (D:4)
  3 dart slugs
  9 orcs
  3 ball pythons
  7 bats
  4 endoplasms
  9 goblins
  3 hobgoblins
  2 jackals (D:4)
  2 kobolds
  A quokka (D:2)
  A frilled lizard (D:2)
  4 rats
64 creatures vanquished.

Notes
Turn   | Place    | Note
-------+----------+-------------------------------------------
     0 | D:1      | qw the Minotaur Hexslinger began the quest for the Orb.
     0 | D:1      | Reached XP level 1. HP: 16/16 MP: 1/1
     0 | D:1      | 0 ||| qw: Version: 0.3-a-46-gb1f654a
     0 | D:1      | 0 ||| qw: Game counter: 3717
     0 | D:1      | 0 ||| qw: Melee chars always use a shield: true
     0 | D:1      | 0 ||| qw: God list: Okawaru
     0 | D:1      | 0 ||| qw: Allow faded altars: false
     0 | D:1      | 0 ||| qw: Do Orc after clearing Dungeon:15 true
     0 | D:1      | 0 ||| qw: Do second Lair branch before Depths: true
     0 | D:1      | 0 ||| qw: Lair rune preference: random
     0 | D:1      | 0 ||| qw: Goals: Normal
     0 | D:1      | 0 ||| PLANNING D:1-11
   235 | D:1      | Reached skill level 3 in Ranged Weapons
   497 | D:1      | Reached XP level 2. HP: 20/23 MP: 2/2
   797 | D:1      | Found a faded altar of an unknown god.
  1065 | D:1      | 1065 ||| UPGRADING to +0 ring mail.
  1075 | D:1      | 1075 ||| DROPPING +0 robe.
  1076 | D:1      | 1076 ||| READING scroll labelled WUVITAEB ORUP.
  1077 | D:1      | 1077 ||| READING scroll labelled RETWIRGH TEUTZE.
  1078 | D:1      | 1078 ||| READING scroll labelled WYTUOF FOZOJI.
  1079 | D:1      | 1079 ||| DRINKING 2 clear potions.
  1080 | D:1      | 1080 ||| DRINKING 2 murky ruby potions.
  1081 | D:1      | 1081 ||| DROPPING scroll of poison.
  1164 | D:2      | 1164 ||| FLEEEEING.
  1249 | D:2      | Reached XP level 3. HP: 26/29 MP: 3/3
  1372 | D:2      | Reached skill level 4 in Ranged Weapons
  1462 | D:2      | 1462 ||| READING 2 scrolls of identify.
  1462 | D:2      | 1462 ||| IDENTIFYING fizzy coppery potion
  1504 | D:3      | Reached skill level 1 in Armour
  1512 | D:3      | 1512 ||| READING 2 scrolls of enchant weapon.
  1512 | D:3      | 1512 ||| ENCHANTING +2 sling.
  1513 | D:3      | 1513 ||| READING scroll of enchant weapon.
  1513 | D:3      | 1513 ||| ENCHANTING +3 sling.
  1523 | D:3      | Noticed Ijyb
  1525 | D:3      | 1525 ||| FLEEEEING.
  1526 | D:3      | 1526 ||| FLEEEEING.
  1527 | D:3      | 1527 ||| FLEEEEING.
  1528 | D:3      | 1528 ||| FLEEEEING.
  1529 | D:3      | 1529 ||| FLEEEEING.
  1530 | D:3      | 1530 ||| FLEEEEING.
  1532 | D:3      | 1532 ||| FLEEEEING.
  1533 | D:3      | 1533 ||| FLEEEEING.
  1534 | D:3      | 1534 ||| FLEEEEING.
  1535 | D:3      | 1535 ||| FLEEEEING.
  1536 | D:3      | 1536 ||| FLEEEEING.
  1537 | D:3      | 1537 ||| FLEEEEING.
  1538 | D:3      | 1538 ||| STAIRDANCE
  1573 | D:3      | 1573 ||| STAIRDANCE
  1582 | D:2      | Killed Ijyb
  1583 | D:2      | Reached XP level 4. HP: 28/36 MP: 4/4
  1630 | D:3      | Reached skill level 5 in Ranged Weapons
  1630 | D:3      | 1630 ||| FLEEEEING.
  1631 | D:3      | 1631 ||| FLEEEEING.
  1632 | D:3      | 1632 ||| FLEEEEING.
  1633 | D:3      | 1633 ||| FLEEEEING.
  1634 | D:3      | 1634 ||| FLEEEEING.
  1635 | D:3      | 1635 ||| FLEEEEING.
  1636 | D:3      | 1636 ||| FLEEEEING.
  1637 | D:3      | 1637 ||| FLEEEEING.
  1638 | D:3      | 1638 ||| STAIRDANCE
  1668 | D:3      | 1668 ||| STAIRDANCE
  1752 | D:3      | 1752 ||| SWAPPING to +0 shortbow.
  1754 | D:3      | 1754 ||| DROPPING +4 sling.
  1766 | D:3      | Noticed Natasha
  1767 | D:3      | 1767 ||| DRINKING 2 potions of curing.
  1767 | D:3      | 1767 ||| (to cure confusion)
  1769 | D:3      | 1769 ||| Stepping ~*~*~tactically~*~*~ (outnumbered).
  1772 | D:3      | Killed Natasha
  1773 | D:3      | Reached XP level 5. HP: 44/44 MP: 5/5
  1774 | D:3      | Reached skill level 3 in Fighting
  1785 | D:3      | Noticed Jessica
  1789 | D:3      | Killed Jessica
  1799 | D:3      | 1799 ||| FLEEEEING.
  1800 | D:3      | 1800 ||| FLEEEEING.
  1801 | D:3      | 1801 ||| FLEEEEING.
  1806 | D:3      | 1806 ||| FLEEEEING.
  1807 | D:3      | 1807 ||| FLEEEEING.
  1811 | D:3      | 1811 ||| STAIRDANCE
  1917 | D:3      | Noticed Natasha
  1923 | D:3      | Killed Natasha
  1924 | D:3      | Reached skill level 6 in Ranged Weapons
  2039 | D:3      | Noticed Natasha
  2044 | D:3      | Killed Natasha
  2045 | D:3      | Reached XP level 6. HP: 49/51 MP: 6/6
  2148 | D:3      | 2148 ||| READING scroll labelled FIXUTHIENO.
  2149 | D:3      | 2149 ||| READING 3 scrolls labelled QODAZX ZUIKOH.
  2150 | D:3      | 2150 ||| READING 3 scrolls of identify.
  2150 | D:3      | 2150 ||| IDENTIFYING yellow potion
  2151 | D:3      | 2151 ||| DROPPING 2 scrolls of blinking.
  2162 | D:4      | 2162 ||| PLANNING SEWER
  2211 | D:4      | Noticed Blork the orc
  2216 | D:4      | 2216 ||| Stepping ~*~*~tactically~*~*~ (outnumbered).
  2221 | D:4      | Killed Blork the orc
  2357 | D:4      | Found an iron altar of Okawaru.
  2439 | D:4      | 2439 ||| READING scroll of enchant weapon.
  2439 | D:4      | 2439 ||| ENCHANTING +0 shortbow.
  2653 | D:4      | 2653 ||| Stepping ~*~*~tactically~*~*~ (outnumbered).
  2673 | D:4      | HP: 11/52 [orc priest/+0 short sword (5)]
  2677 | D:4      | Killed from afar by an orc priest

Levels and vault maps discovered:
D:1:      saegor_arrival_fortress, layout_basic,
          ebering_ecumenical_altar_abandoned, serial_forest,
          infiniplex_forest_end_2, infiniplex_forest_side_room,
          infiniplex_forest_clump_double, infiniplex_forest_lined_corner,
          infiniplex_forest_end_3, infiniplex_forest_straight_5,
          infiniplex_forest_end_double, infiniplex_forest_clump_small,
          infiniplex_forest_clump_diagonal, minivault_25,
          hangedman_decor_peaks_small
D:2:      layout_rooms
D:3:      layout_rooms, uniq_jessica, uniq_natasha, uniq_ijyb
D:4:      layout_loops_ring, tso_oasis_becter, marbit_many_paths,
          old_standard_altar, gup_sewer_entry_bowl, uniq_edmund, uniq_sigmund,
          uniq_blork_the_orc

Skill      XL: |  1  2  3  4  5  6 |
---------------+-------------------+-----
Ranged Weapons | 3 4 5 6 |  6.7
Fighting       | 2 3 4 |  4.3
Armour         | 1 |  1.3
Dodging        | |  2.1
Spellcasting   | |  1.0
Hexes          | |  2.0

Action                     |  1- 3 |  4- 6 || total
---------------------------+-------+-------++-------
   Fire: Sling             |   103 |    19 ||   122
         Shortbow          |       |   109 ||   109
    Use: Scroll            |     6 |     4 ||    10
         Potion            |     2 |     1 ||     3
 Armour: Robe              |     2 |       ||     2
         Ring mail         |    14 |    19 ||    33
  Dodge: Dodged            |    26 |    36 ||    62

Table legend:
 A = Non-vault XP
 B = Vault XP
 C = Vault XP percentage of total XP
 D = Non-vault monster count
 E = Vault monster count
 F = Vault count percentage of total count
                 A         B        C        D         E       F
            +---------+---------+-------+---------+---------+-------
      Total |     420 |     200 |  32.3 |      59 |       5 |   7.8
            +---------+---------+-------+---------+---------+-------
        D:1 |      19 |       0 |   0.0 |       8 |       0 |   0.0
        D:2 |      53 |      36 |  40.4 |      22 |       1 |   4.3
        D:3 |     225 |      72 |  24.2 |      15 |       2 |  11.8
        D:4 |     123 |      92 |  42.8 |      14 |       2 |  12.5
            +---------+---------+-------+---------+---------+-------
